 Dungeon Sprint DCSS version 0.28.0-53-g5a82cb258f (webtiles) character file.

Game seed: 15898781539336605012

6300000 Zeld the Conqueror (level 25, -8/197 (214) HPs)
             Began as a Djinni Monk on May 26, 2022.
             Was the Champion of Makhleb.
             Killed by divine providence
             ... invoked by an accursed
              (14 damage)
             ... in the Dungeon (Sprint VIII: "Arena of Blood").
             The game lasted 00:01:21 (63 turns).

Zeld the Conqueror (Djinni Monk)                      Turns: 63, Time: 00:01:21

HP:   -8/197 (214)  AC:  3    Str: 18    XL:     25   Next: 75%
Gold: 0             EV: 31    Int: 13    God:    Makhleb [******] SH:  0 Dex: 19

rFire   + + .      SeeInvis .   g - +∞ Axe of Woe
rCold   x . .      Faith    .   (shield currently unavailable)
rNeg    . . .      Spirit   .   a - +0 robe
rPois   ∞          Reflect  .   (no helmet)
rElec   .          Harm     .   (no cloak)
rCorr   .          Rampage  .   (no gloves)
Will    ++...      NoTele   +   (boots unavailable)
Stlth   ++........              (no amulet)
HPRegen 0.42/turn               (no ring)
MPRegen 0.00/turn               (no ring)

@: flying, slowed, drained, very slow
A: sickness immunity, fire resistance 2, cold vulnerability 1, float, innate
caster, HP casting, extra vitality 1
a: Renounce Religion, Minor Destruction, Lesser Servant of Makhleb, Major
Destruction, Greater Servant of Makhleb


You were in the Dungeon.
You worshipped Makhleb.
Makhleb was exalted by your worship.
You visited 1 branch

Inventory:

Hand Weapons
 g - the +∞ Axe of Woe (weapon)
   (You found it in the Dungeon)
Armour
 a - a +0 robe (worn)
Scrolls
 f - a scroll of blinking
Potions
 b - a potion of curing
 c - a potion of heal wounds
 d - a potion of haste
 e - a potion of berserk rage


   Skills:
 O Level 27 Fighting
 + Level 21.3(24.7) Short Blades
 + Level 21.3(24.7) Long Blades
 O Level 27 Axes
 + Level 19.7(27) Maces & Flails
 + Level 19.8(27) Polearms
 + Level 20.2(26.8) Staves
 + Level 18.7(21.8) Slings
 + Level 18.7 Bows
 + Level 18.7 Crossbows
 + Level 18.7(21.8) Throwing
 + Level 21.9 Armour
 O Level 27 Dodging
 - Level 1.5 Stealth
 + Level 21.9 Shields
 - Level 3.0 Unarmed Combat
 O Level 27 Spellcasting
 O Level 27 Invocations
 + Level 21.9 Evocations


You had 17 spell levels left.
You knew the following spells:

 Your Spells              Type           Power      Damage    Failure   Level
a - Sandblast             Erth           100%       2d20      0%          1
b - Corpse Rot            Necr/Air       100%       N/A       0%          2
c - Call Imp              Summ           73%        N/A       0%          2
d - Ozocubu's Armour      Ice            73%        N/A       0%          3
e - Iskenderun's Mystic   Conj/Tloc      73%        2d15      0%          4
f - Irradiate             Conj/Tmut      36%        3d26      0%          5
g - Conjure Ball Lightni  Conj/Air       36%        3x3d12    0%          6
h - Monstrous Menagerie   Summ           36%        N/A       1%          7
i - Haunt                 Necr/Summ      36%        N/A       1%          7
j - Disjunction           Tloc           36%        N/A       1%          8
k - Dragon Form           Tmut           36%        N/A       1%          7
l - Fire Storm            Conj/Fire      36%        8d9       3%          9
Your spell library was empty.

Dungeon Overview and Level Annotations

Branches:
Dungeon (1/1)

Altars:
Makhleb


Innate Abilities, Weirdness & Mutations

You are immune to sickness and miasma.
You are immune to poison.
Your flesh is very heat resistant. (rF++)
You are vulnerable to cold. (rC-)
You float through the air rather than walking.
You learn spells naturally, not from books.
Your magical power is your life essence.
You have superior vitality. (+4 MHP)


Message History

Makhleb accepts your kill.
You feel better.
The large bag of meat explodes!
The fiery explosion engulfs the meat berserker!!
The fiery explosion engulfs the meat berserker!!!
The fiery explosion engulfs the bag of meat!!!
The fiery explosion engulfs you! You resist.
* * * LOW HITPOINT WARNING * * *
You feel extremely nervous for a moment...
You are engulfed in negative energy!
You feel drained.
You are engulfed in blazing flames.
You resist.
* * * LOW HITPOINT WARNING * * *
You hear a shout! x8
The meat berserker is engulfed in blazing flames.
A bag of meat comes into view. It is wielding a +9 war axe.
You hear a shout!
The tyrant waves its bony arms in wide circles.
The air twists around and strikes you!!
* * * LOW HITPOINT WARNING * * *
You hear a shout!
A bag of meat comes into view. It is wielding a +9 war axe.
You hear a shout!
The meat berserker is engulfed in blazing flames.
The dread calls on the powers of darkness!
The bag of meat convulses! x3; The eight-headed meat hydra convulses!
The meat berserker convulses!
The bag of meat convulses! x2
The meat berserker convulses!
Your body is wracked with pain!
* * * LOW HITPOINT WARNING * * *
The bag of meat convulses! x3
A bag of meat comes into view. It is wielding a +9 war axe.
The eight-headed meat hydra calls on the powers of darkness!
The eight-headed meat hydra convulses!
The bag of meat convulses! x5
The meat berserker convulses!
The bag of meat convulses!
The meat berserker convulses!
Your body is wracked with pain!
* * * LOW HITPOINT WARNING * * *
The bag of meat convulses!
You hear a shout!
The accursed casts a spell at you. Something smites you!
You die... ...o...... ...D....... .V....... #.W.....# .. #oo°o

..# . ..o###☼o§
..###..
.Moo..°O###oLX...
#....o§O@_OX2....
.....o#))O..#X...
..... #_L<)_# .
.o.. #)))V)#
#oV......_z.L....
.o......###......
...###... ..###..
. #... .M# . #...
..#


You could see 2 accurseds, 2 tentacled monstrosities, a meat beast (fast), 3
tyrants, an eight-headed meat hydra, 2 destroyers, a sculptor of flesh, a large
bag of meat (inner flame), a large abomination (summoned), a dread, 3 meat
berserkers and 11 bags of meat.

Vanquished Creatures
  3 royal mummies (D)
  5 vampire knights (D)
  17 ogres (D)
  5 two-headed ogres (D)
  2 liches (D)
  33 orcs (D)
  2 skeletal warriors (D)
67 creatures vanquished.

Vanquished Creatures (others)
  4 orcs (D)
4 creatures vanquished.

Grand Total: 71 creatures vanquished

Notes
Turn   | Place    | Note
-------+----------+-------------------------------------------
     0 | D        | Found the +∞ Axe of Woe
     0 | D        | Zeld the Djinni Monk began the quest for the Orb.
     0 | D        | Reached XP level 1. HP: 20/20 MP: 0/0
     2 | D        | Noticed a bag of meat
     4 | D        | Became a worshipper of Makhleb the Destroyer
     4 | D        | Reached * piety under Makhleb
     4 | D        | Reached ** piety under Makhleb
     6 | D        | Noticed a bag of meat
     6 | D        | Noticed a bag of meat
     7 | D        | Noticed a bag of meat
     8 | D        | Noticed a bag of meat
    10 | D        | Noticed a meat berserker
    10 | D        | Noticed a meat berserker
    11 | D        | Killed a bag of meat
    11 | D        | Killed a bag of meat
    11 | D        | Noticed a meat berserker
    11 | D        | Noticed a meat berserker
    11 | D        | Noticed a bag of meat
    12 | D        | Reached skill level 15 in Fighting
    12 | D        | Reached skill level 10 in Axes
    12 | D        | Reached skill level 10 in Spellcasting
    12 | D        | Reached XP level 2. HP: 7/43 MP: 0/0
    12 | D        | Reached XP level 3. HP: 9/49 MP: 0/0
    12 | D        | Learned a level 1 spell: Sandblast
    12 | D        | Reached XP level 4. HP: 10/55 MP: 0/0
    12 | D        | Reached XP level 5. HP: 11/60 MP: 0/0
    12 | D        | Learned a level 2 spell: Corpse Rot
    12 | D        | Reached XP level 6. HP: 12/67 MP: 0/0
    12 | D        | Reached XP level 7. HP: 13/72 MP: 0/0
    12 | D        | Learned a level 2 spell: Call Imp
    12 | D        | Reached XP level 8. HP: 14/78 MP: 0/0
    12 | D        | Reached XP level 9. HP: 15/84 MP: 0/0
    12 | D        | Learned a level 3 spell: Ozocubu's Armour
    12 | D        | Reached XP level 10. HP: 16/90 MP: 0/0
    12 | D        | Reached XP level 11. HP: 17/95 MP: 0/0
    12 | D        | Learned a level 4 spell: Iskenderun's Mystic Blast
    12 | D        | Reached XP level 12. HP: 18/102 MP: 0/0
    12 | D        | Killed a meat berserker
    12 | D        | Killed a bag of meat
    12 | D        | Reached *** piety under Makhleb
    12 | D        | Noticed a bag of meat
    12 | D        | Noticed a bag of meat
    13 | D        | Reached skill level 15 in Invocations
    13 | D        | Reached XP level 13. HP: 20/115 MP: 0/0
    13 | D        | Learned a level 5 spell: Irradiate
    13 | D        | Reached XP level 14. HP: 21/121 MP: 0/0
    13 | D        | Killed a meat berserker
    13 | D        | Killed a bag of meat
    13 | D        | Killed a meat berserker
    13 | D        | Reached **** piety under Makhleb
    13 | D        | Noticed a meat berserker
    14 | D        | Reached skill level 15 in Axes
    14 | D        | Reached XP level 15. HP: 116/133 MP: 0/0
    14 | D        | Learned a level 6 spell: Conjure Ball Lightning
    14 | D        | Noticed a meat berserker
    15 | D        | Reached skill level 15 in Spellcasting
    15 | D        | Killed a meat berserker
    16 | D        | Reached XP level 16. HP: 144/144 MP: 0/0
    16 | D        | Noticed a meat berserker
    19 | D        | Killed a meat berserker
    19 | D        | Reached ***** piety under Makhleb
    21 | D        | Killed a meat berserker
    21 | D        | Killed a meat berserker
    22 | D        | Reached XP level 17. HP: 157/157 MP: 0/0
    22 | D        | Learned a level 7 spell: Monstrous Menagerie
    22 | D        | Noticed a meat berserker
    24 | D        | Reached XP level 18. HP: 166/166 MP: 0/0
    24 | D        | Noticed a large bag of meat
    24 | D        | Noticed a destroyer
    24 | D        | Noticed a meat berserker
    25 | D        | Killed a destroyer
    26 | D        | Reached skill level 27 in Fighting
    26 | D        | Reached skill level 27 in Dodging
    26 | D        | Noticed a meat berserker
    27 | D        | Killed a meat berserker
    27 | D        | Reached ****** piety under Makhleb
    28 | D        | Reached XP level 19. HP: 174/174 MP: 0/0
    28 | D        | Learned a level 7 spell: Haunt
    28 | D        | Noticed a destroyer
    28 | D        | Noticed a meat berserker
    30 | D        | Reached skill level 27 in Axes
    30 | D        | Reached skill level 27 in Invocations
    30 | D        | Noticed a meat berserker
    32 | D        | Killed a meat berserker
    32 | D        | Killed a meat berserker
    32 | D        | Killed a destroyer
    33 | D        | Reached skill level 27 in Spellcasting
    33 | D        | Reached XP level 20. HP: 181/181 MP: 0/0
    33 | D        | Noticed a large bag of meat
    34 | D        | Killed a large bag of meat
    34 | D        | Killed a meat berserker
    35 | D        | Reached XP level 21. HP: 114/187 MP: 0/0
    35 | D        | Learned a level 8 spell: Disjunction
    35 | D        | Noticed a meat berserker
    36 | D        | Noticed a large bag of meat
    37 | D        | Noticed a large bag of meat
    37 | D        | Killed a large bag of meat
    38 | D        | Reached skill level 10 in Armour
    38 | D        | Reached skill level 10 in Shields
    38 | D        | Reached skill level 10 in Evocations
    38 | D        | Killed a meat berserker
    38 | D        | Noticed a destroyer
    39 | D        | Reached skill level 10 in Maces & Flails
    39 | D        | Reached skill level 10 in Polearms
    39 | D        | Reached skill level 10 in Staves
    39 | D        | Noticed a destroyer
    40 | D        | Reached skill level 10 in Slings
    40 | D        | Reached skill level 10 in Bows
    40 | D        | Reached skill level 10 in Crossbows
    40 | D        | Reached skill level 10 in Throwing
    40 | D        | Noticed a meat berserker
    40 | D        | Noticed a large bag of meat
    41 | D        | Reached XP level 22. HP: 189/194 MP: 0/0
    41 | D        | Noticed a destroyer
    42 | D        | Killed a meat berserker
    42 | D        | Killed a destroyer
    42 | D        | Noticed an eight-headed meat hydra
    44 | D        | Killed a large bag of meat
    44 | D        | Noticed a meat berserker
    45 | D        | Reached skill level 15 in Armour
    45 | D        | Reached skill level 15 in Shields
    45 | D        | Reached skill level 15 in Evocations
    45 | D        | Reached XP level 23. HP: 150/201 MP: 0/0
    45 | D        | Learned a level 7 spell: Dragon Form
    45 | D        | Noticed a tyrant
    46 | D        | Reached skill level 15 in Short Blades
    46 | D        | Reached skill level 15 in Long Blades
    48 | D        | Noticed a destroyer
    49 | D        | Noticed a tyrant
    49 | D        | Killed a destroyer
    49 | D        | Killed a tyrant
    49 | D        | Killed a large bag of meat
    50 | D        | Reached skill level 15 in Maces & Flails
    50 | D        | Reached skill level 15 in Polearms
    50 | D        | Reached skill level 15 in Staves
    51 | D        | Noticed an accursed
    51 | D        | Noticed a large bag of meat
    52 | D        | Reached skill level 15 in Slings
    52 | D        | Reached skill level 15 in Bows
    52 | D        | Reached skill level 15 in Crossbows
    52 | D        | Reached skill level 15 in Throwing
    53 | D        | Killed a tyrant
    54 | D        | Reached XP level 24. HP: 107/208 MP: 0/0
    54 | D        | Killed an accursed
    55 | D        | Noticed an accursed
    56 | D        | Noticed an accursed
    56 | D        | Noticed a large bag of meat
    57 | D        | Noticed an accursed
    57 | D        | Noticed a tyrant
    58 | D        | Noticed a tyrant
    58 | D        | Noticed a tyrant
    59 | D        | Killed a destroyer
    60 | D        | Reached XP level 25. HP: 146/214 MP: 0/0
    60 | D        | Learned a level 9 spell: Fire Storm
    60 | D        | Killed an accursed
    61 | D        | Noticed a meat beast
    62 | D        | Noticed a dread
    62 | D        | Noticed a destroyer
    62 | D        | Noticed an accursed
    63 | D        | Killed an accursed
    63 | D        | Killed a large bag of meat
    63 | D        | HP: 6/197 [??? (4)]
    63 | D        | Killed from afar by an accursed

Illustrated notes

Levels and vault maps discovered:
D:        meatsprint

Skill      XL: |  1  2  3  4  5  6  7  8  9 10 11 12 13 14 15 16 17 18 19 20 21 22 23 24 25 |
---------------+----------------------------------------------------------------------------+-----
Fighting       | 15 18 21 22 25 26 27 | 27.0
Axes           | 10 12 15 17 21 22 26 27 | 27.0
Dodging        | 16 19 22 23 26 27 | 27.0
Spellcasting   | 10 12 14 16 18 19 20 27 | 27.0
Invocations    | 13 15 18 20 23 25 27 | 27.0
Short Blades   | 8 12 14 17 20 21 | 21.3
Long Blades    | 8 12 14 17 20 21 | 21.3
Maces & Flails | 7 11 13 16 18 19 | 19.7
Polearms       | 7 11 13 16 18 19 | 19.8
Staves         | 7 11 14 16 19 20 | 20.2
Slings         | 7 10 12 15 17 18 | 18.7
Bows           | 7 10 12 15 17 18 | 18.7
Crossbows      | 7 10 12 15 17 18 | 18.7
Throwing       | 7 10 12 15 17 18 | 18.7
Armour         | 8 12 15 18 20 21 | 21.9
Shields        | 8 12 15 18 20 21 | 21.9
Evocations     | 8 12 15 18 20 21 | 21.9
Stealth        | |  1.5
Unarmed Combat | |  3.0

Action                   |  1- 3 |  4- 6 |  7- 9 | 10-12 | 13-15 | 16-18 | 19-21 | 22-24 | 25-27 || total
-------------------------+-------+-------+-------+-------+-------+-------+-------+-------+-------++-------
Melee: Executioner's axe |     1 |       |       |     1 |     3 |     5 |     9 |    13 |     3 ||    35
 Cast: Iskenderun's Myst |       |       |       |       |       |     1 |       |       |       ||     1
       Monstrous Menager |       |       |       |       |       |     1 |       |       |       ||     1
       Disjunction       |       |       |       |       |       |       |       |     1 |       ||     1
Dodge: Dodged            |       |       |       |     1 |       |     1 |     1 |       |     1 ||     4
